TOP OF THE 1ST |
Texas Rangers batting - Pitching for Minnesota Twins : LHP Tanner Scott
|
Pitching: LHP Tanner Scott
|
|
Batting: LHB Ender Inciarte
|
0-0: Ball 1-0: Called Strike 1-1: Swinging Strike 1-2: Foul Ball, location: 2F 1-2: SINGLE (Groundball, 6MD)
|
Batting: RHB Andrelton Simmons
|
0-0: Swinging Strike 0-1: Ball Wild Pitch! Ender Inciarte to second 1-1: Ball 2-1: Fly out, F8 (Flyball, 8LS)
|
Batting: LHB Bryce Harper
|
0-0: Ball 1-0: Called Strike 1-1: Called Strike 1-2: Foul Ball, location: 2F 1-2: Strikes out looking
|
Batting: LHB Eric Thames
|
0-0: Foul Ball, location: 2F 0-1: Foul Ball, location: 2F 0-2: Fly out, F7 (Flyball, 7LS)
|
Top of the 1st over - 0 runs, 1 hit, 0 errors, 1 left on base; Texas 0 - Minnesota 0 |
BOTTOM OF THE 1ST |
Minnesota Twins batting - Pitching for Texas Rangers : LHP Alex Wood
|
Pitching: LHP Alex Wood
|
|
Batting: RHB Ian Kinsler
|
0-0: Called Strike 0-1: Fly out, F7 (Flyball, 78D)
|
Batting: RHB Whit Merrifield
|
0-0: Called Strike 0-1: Ground out 5-3 (Groundball, 56S)
|
Batting: LHB Freddie Freeman
|
0-0: Ball 1-0: Foul Ball, location: 2F 1-1: Foul Ball, location: 2F 1-2: Fly out, F8 (Line Drive, 8LM)
|
Bottom of the 1st over - 0 runs, 0 hits, 0 errors, 0 left on base; Texas 0 - Minnesota 0 |
TOP OF THE 2ND |
Texas Rangers batting - Pitching for Minnesota Twins : LHP Tanner Scott
|
Batting: SHB Jeimer Candelario
|
0-0: Ground out U3 (Groundball, 34)
|
Batting: LHB Joc Pederson
|
0-0: Foul Ball, location: 2F 0-1: Ball 1-1: Swinging Strike 1-2: Ball 2-2: Strikes out swinging
|
Batting: SHB Matt Wieters
|
0-0: Ground out 6-3 (Groundball, 6S)
|
Top of the 2nd over - 0 runs, 0 hits, 0 errors, 0 left on base; Texas 0 - Minnesota 0 |
BOTTOM OF THE 2ND |
Minnesota Twins batting - Pitching for Texas Rangers : LHP Alex Wood
|
Batting: RHB Avisail Garcia
|
0-0: Ball 1-0: SINGLE (Groundball, 56D)
|
Batting: LHB Adam Lind
|
0-0: Called Strike 0-1: Ball 1-1: Called Strike 1-2: Fly out, F8 (Flyball, 8RXD)
|
Batting: RHB Maikel Franco
|
0-0: Ball 1-0: Foul Ball, location: 2F 1-1: Grounds into double play, 6-4-3 (Groundball, 6M)
|
Bottom of the 2nd over - 0 runs, 1 hit, 0 errors, 0 left on base; Texas 0 - Minnesota 0 |
TOP OF THE 3RD |
Texas Rangers batting - Pitching for Minnesota Twins : LHP Tanner Scott
|
Batting: SHB Asdrubal Cabrera
|
0-0: Ball 1-0: Ball 2-0: Foul Ball, location: 2F 2-1: Foul Ball, location: 2F 2-2: Ball 3-2: Ground out 6-3 (Groundball, 6M)
|
Batting: SHB Breyvic Valera
|
0-0: Ball 1-0: SINGLE (Groundball, 4MD)
|
Batting: LHB Ender Inciarte
|
0-0: Fly out, F5 (Popup, 15)
|
Batting: RHB Andrelton Simmons
|
0-0: Ball 1-0: Foul Ball, location: 2F 1-1: Ball 2-1: DOUBLE (Line Drive, 5D) Breyvic Valera to third
|
Batting: LHB Bryce Harper
|
0-0: Ball 1-0: Swinging Strike 1-1: Swinging Strike 1-2: Strikes out swinging
|
Top of the 3rd over - 0 runs, 2 hits, 0 errors, 2 left on base; Texas 0 - Minnesota 0 |
BOTTOM OF THE 3RD |
Minnesota Twins batting - Pitching for Texas Rangers : LHP Alex Wood
|
Batting: RHB Adam Jones
|
0-0: Foul Ball, location: 2F 0-1: Fly out, F9 (Flyball, 89S)
|
Batting: RHB Roberto Perez
|
0-0: Swinging Strike 0-1: Ball 1-1: Fly out, F3 (Popup, 3F)
|
Batting: RHB Miguel Rojas
|
0-0: Called Strike 0-1: Called Strike 0-2: Ball 1-2: Fly out, F8 (Line Drive, 8LM)
|
Bottom of the 3rd over - 0 runs, 0 hits, 0 errors, 0 left on base; Texas 0 - Minnesota 0 |
TOP OF THE 4TH |
Texas Rangers batting - Pitching for Minnesota Twins : LHP Tanner Scott
|
Batting: LHB Eric Thames
|
0-0: Called Strike 0-1: Ball 1-1: DOUBLE (Line Drive, 9LS)
|
Batting: SHB Jeimer Candelario
|
0-0: Called Strike 0-1: Ball 1-1: Foul Ball, location: 2F 1-2: Ball 2-2: Ball 3-2: Foul Ball, location: 2F 3-2: Foul Ball, location: 2F 3-2: Base on Balls
|
Batting: LHB Joc Pederson
|
0-0: Called Strike 0-1: Ball 1-1: Sac Bunt to 13 - play at first, batter OUT! 1-3 Eric Thames to third Jeimer Candelario to second
|
Batting: SHB Matt Wieters
|
0-0: Ground out 1-3 (Groundball, 13S)
|
Batting: SHB Asdrubal Cabrera
|
0-0: Called Strike 0-1: Swinging Strike 0-2: Ball 1-2: Ball 2-2: Ground out 4-3 (Groundball, 4)
|
Top of the 4th over - 0 runs, 1 hit, 0 errors, 2 left on base; Texas 0 - Minnesota 0 |
BOTTOM OF THE 4TH |
Minnesota Twins batting - Pitching for Texas Rangers : LHP Alex Wood
|
Batting: RHB Ian Kinsler
|
0-0: Called Strike 0-1: Ball 1-1: Reached on error, E5 (Groundball, 5)
|
Batting: RHB Whit Merrifield
|
0-0: Called Strike 0-1: Ball 1-1: Ball 2-1: Ball 3-1: Swinging Strike 3-2: Foul Ball, location: 2F 3-2: DOUBLE (Line Drive, 8RXD) Ian Kinsler to third Ian Kinsler scores
|
Batting: LHB Freddie Freeman
|
0-0: Foul Ball, location: 2F 0-1: Called Strike 0-2: Ground out 1-3 (Groundball, P) Whit Merrifield to third
|
Batting: RHB Avisail Garcia
|
0-0: Ball 1-0: Swinging Strike 1-1: Fly out, F7 (Flyball, 7LSF) Runner from 3rd tags up, SCORES, no throw by LF
|
Batting: LHB Adam Lind
|
0-0: Ball 1-0: Foul Ball, location: 2F 1-1: Fly out, F9 (Flyball, 9LS)
|
Bottom of the 4th over - 2 runs, 1 hit, 1 error, 0 left on base; Texas 0 - Minnesota 2 |
TOP OF THE 5TH |
Texas Rangers batting - Pitching for Minnesota Twins : LHP Tanner Scott
|
Batting: SHB Breyvic Valera
|
0-0: Called Strike 0-1: Foul Ball, location: 2F 0-2: Ball 1-2: Ground out 5-3 (Groundball, 56S)
|
Batting: LHB Ender Inciarte
|
0-0: Foul Ball, location: 2F 0-1: Ball 1-1: Ground out 5-3 (Groundball, 5)
|
Batting: RHB Andrelton Simmons
|
0-0: Foul Ball, location: 2F 0-1: Ground out 5-3 (Groundball, 56S)
|
Top of the 5th over - 0 runs, 0 hits, 0 errors, 0 left on base; Texas 0 - Minnesota 2 |
BOTTOM OF THE 5TH |
Minnesota Twins batting - Pitching for Texas Rangers : LHP Alex Wood
|
Batting: RHB Maikel Franco
|
0-0: Called Strike 0-1: Ball 1-1: Ball 2-1: Foul Ball, location: 2F 2-2: Ground out 5-3 (Groundball, 56)
|
Batting: RHB Adam Jones
|
0-0: Ball 1-0: Ground out 4-3 (Groundball, 4S)
|
Batting: RHB Roberto Perez
|
0-0: Ball 1-0: Called Strike 1-1: Ball 2-1: Called Strike 2-2: Ball 3-2: Foul Ball, location: 2F 3-2: SINGLE (Groundball, 4D)
|
Batting: RHB Miguel Rojas
|
0-0: Called Strike 0-1: Ball 1-1: Fly out, F8 (Line Drive, 8RD)
|
Bottom of the 5th over - 0 runs, 1 hit, 0 errors, 1 left on base; Texas 0 - Minnesota 2 |
TOP OF THE 6TH |
Texas Rangers batting - Pitching for Minnesota Twins : LHP Tanner Scott
|
Batting: LHB Bryce Harper
|
0-0: Ball 1-0: SINGLE (Groundball, 4MD)
|
Batting: LHB Eric Thames
|
0-0: Ball Wild Pitch! Bryce Harper to second 1-0: Ball 2-0: Called Strike 2-1: Foul Ball, location: 2F 2-2: Foul Ball, location: 2F 2-2: Ball 3-2: Foul Ball, location: 2F 3-2: Base on Balls
|
Batting: SHB Jeimer Candelario
|
0-0: Called Strike 0-1: Fly out, F7 (Flyball, 7LMF)
|
Pitching: RHP Juan Nicasio
|
|
Batting: LHB Joc Pederson
|
0-0: Ball 1-0: Ball 2-0: Swinging Strike 2-1: Swinging Strike 2-2: Strikes out swinging
|
Batting: SHB Matt Wieters
|
0-0: Ball 1-0: Called Strike 1-1: SINGLE (Line Drive, 78M) Bryce Harper to third Eric Thames to second Runner from 3rd tries for Home, SAFE, throw by CF to home
|
Batting: SHB Asdrubal Cabrera
|
0-0: Ball 1-0: Foul Ball, location: 2F 1-1: Swinging Strike 1-2: Strikes out swinging
|
Top of the 6th over - 1 run, 2 hits, 0 errors, 2 left on base; Texas 1 - Minnesota 2 |
BOTTOM OF THE 6TH |
Minnesota Twins batting - Pitching for Texas Rangers : LHP Alex Wood
|
Batting: RHB Ian Kinsler
|
0-0: Ball 1-0: SINGLE (Groundball, 6MD)
|
Batting: RHB Whit Merrifield
|
0-0: Foul Ball, location: 2F 0-1: Swinging Strike 0-2: Foul Ball, location: 2F 0-2: Ball 1-2: Ball 2-2: SINGLE (Line Drive, 4D) Ian Kinsler to second
|
Batting: LHB Freddie Freeman
|
0-0: Called Strike 0-1: Ball 1-1: Foul Ball, location: 2F 1-2: Ball 2-2: Foul Ball, location: 2F 2-2: Strikes out swinging
|
Batting: RHB Avisail Garcia
|
0-0: Ball 1-0: Ball 2-0: Foul Ball, location: 2F 2-1: Ball 3-1: Foul Ball, location: 2F 3-2: Fly out, F9 (Flyball, 9S)
|
Batting: LHB Adam Lind
|
0-0: Foul Ball, location: 2F 0-1: Ball 1-1: Ground out U3 (Groundball, 3L)
|
Bottom of the 6th over - 0 runs, 2 hits, 0 errors, 2 left on base; Texas 1 - Minnesota 2 |
TOP OF THE 7TH |
Texas Rangers batting - Pitching for Minnesota Twins : RHP Juan Nicasio
|
Batting: SHB Breyvic Valera
|
0-0: Ball 1-0: SINGLE (Line Drive, 56)
|
Batting: LHB Ender Inciarte
|
0-0: Called Strike 0-1: Called Strike 0-2: Fly out, F4 (Line Drive, 4)
|
Batting: RHB Andrelton Simmons
|
0-0: Ball 1-0: Foul Ball, location: 2F 1-1: Fielders Choice at 2nd, 6-4 (Groundball, 56)
|
Pitching: LHP Bobby Poyner
|
|
Batting: LHB Bryce Harper
|
0-0: Ball Andrelton Simmons is caught stealing 2nd base 2-6
|
Top of the 7th over - 0 runs, 1 hit, 0 errors, 0 left on base; Texas 1 - Minnesota 2 |
BOTTOM OF THE 7TH |
Minnesota Twins batting - Pitching for Texas Rangers : LHP Alex Wood
|
Pitching: RHP Matt Bowman
|
|
Batting: RHB Maikel Franco
|
0-0: Fly out, F8 (Flyball, 8RM)
|
Batting: RHB Adam Jones
|
0-0: Ball 1-0: Ball 2-0: Swinging Strike 2-1: Foul Ball, location: 2F 2-2: Ball 3-2: Strikes out swinging
|
Batting: RHB Roberto Perez
|
0-0: Called Strike 0-1: Swinging Strike 0-2: Ball 1-2: Strikes out swinging
|
Bottom of the 7th over - 0 runs, 0 hits, 0 errors, 0 left on base; Texas 1 - Minnesota 2 |
TOP OF THE 8TH |
Texas Rangers batting - Pitching for Minnesota Twins : LHP Bobby Poyner
|
Batting: LHB Bryce Harper
|
0-0: Ball 1-0: Ball 2-0: Ball 3-0: Base on Balls
|
Batting: LHB Eric Thames
|
0-0: Ball 1-0: Foul Ball, location: 2F 1-1: Ball 2-1: Ball 3-1: Foul Ball, location: 2F 3-2: Foul Ball, location: 2F 3-2: Base on Balls Bryce Harper to second
|
Batting: SHB Jeimer Candelario
|
0-0: Grounds into double play, 6-4-3 (Groundball, 6) Bryce Harper to third
|
Batting: LHB Joc Pederson
|
0-0: Foul Ball, location: 2F 0-1: Ball 1-1: SINGLE (Flyball, 78S) Bryce Harper scores
|
Pitching: RHP Austin Adams
|
|
Batting: SHB Matt Wieters
|
0-0: Ball 1-0: Called Strike 1-1: Ground out 4-3 (Groundball, 4)
|
Top of the 8th over - 1 run, 1 hit, 0 errors, 1 left on base; Texas 2 - Minnesota 2 |
BOTTOM OF THE 8TH |
Minnesota Twins batting - Pitching for Texas Rangers : RHP Matt Bowman
|
Pinch Hitting: SHB Kendrys Morales
|
0-0: Ball 1-0: Ball 2-0: Fly out, F8 (Flyball, 78XD)
|
Batting: RHB Ian Kinsler
|
0-0: Swinging Strike 0-1: Foul Ball, location: 2F 0-2: SINGLE (Groundball, 6MD)
|
Batting: RHB Whit Merrifield
|
0-0: Called Strike 0-1: Foul Ball, location: 2F 0-2: Foul Ball, location: 2F 0-2: DOUBLE (Line Drive, 9LS) Ian Kinsler to third
|
Batting: LHB Freddie Freeman
|
0-0: Intentional Walk
|
Batting: RHB Avisail Garcia
|
0-0: Ball 1-0: Foul Ball, location: 2F 1-1: Called Strike 1-2: Ball 2-2: Grounds into fielders choice 6-2 (Groundball, 6) Whit Merrifield to third Freddie Freeman to second
|
Batting: LHB Adam Lind
|
0-0: Ball 1-0: Foul Ball, location: 2F 1-1: Foul Ball, location: 2F 1-2: Ball 2-2: SINGLE (Groundball, 34D) Whit Merrifield scores Freddie Freeman to third Avisail Garcia to second Runner from 3rd tries for Home, SAFE, throw by RF to home
|
Batting: RHB Maikel Franco
|
0-0: Called Strike 0-1: Foul Ball, location: 2F 0-2: Foul Ball, location: 2F 0-2: Ball 1-2: DOUBLE (Groundball, 5L) Avisail Garcia scores Adam Lind to third Runner from 3rd tries for Home, SAFE, throw by LF to home
|
Pitching: RHP Nick Goody
|
|
Batting: RHB Adam Jones
|
0-0: SINGLE (Line Drive, 8LS) Maikel Franco to third Runner from 3rd tries for Home, SAFE, throw by CF to home
|
Batting: RHB Roberto Perez
|
0-0: Called Strike 0-1: Ball 1-1: Foul Ball, location: 2F 1-2: Fly out, F8 (Line Drive, 8LM)
|
Bottom of the 8th over - 5 runs, 5 hits, 0 errors, 1 left on base; Texas 2 - Minnesota 7 |
TOP OF THE 9TH |
Texas Rangers batting - Pitching for Minnesota Twins : RHP Austin Adams
|
Now at SS: Eric Sogard
|
|
Batting: SHB Asdrubal Cabrera
|
0-0: Ball 1-0: Called Strike 1-1: Foul Ball, location: 2F 1-2: Foul Ball, location: 2F 1-2: Strikes out swinging
|
Batting: SHB Breyvic Valera
|
0-0: Ball 1-0: Called Strike 1-1: Ball 2-1: Ball 3-1: Called Strike 3-2: Ground out 4-3 (Groundball, 4)
|
Batting: LHB Ender Inciarte
|
0-0: Called Strike 0-1: Fly out, F7 (Flyball, 7LSF)
|
Top of the 9th over - 0 runs, 0 hits, 0 errors, 0 left on base; Texas 2 - Minnesota 7 |
|